Map: Dusk Towers

Players

Feldnager - Winner!

  • Race: Zerg Zerg
  • League: Gold

capac

  • Race: Terran Terran
  • League: Gold

VOD

Have the link to the VOD?

Description

Time

  • Played on: March 16, 2016, 4:24 p.m.
  • Length: 26:23
Show
View Real Time Build Order
Export as new Build Order

Feldnager Zerg - Winner!

Build Orders: Pool First 

Get SALT Encoding   

  12  0:02  Drone  
  13  0:08  Drone  
  14  0:27  Spawning Pool  
  13  0:30  Drone  
  14  0:36  Overlord  
  14  1:02  Hatchery  
  13  1:06  Drone  
  13  1:09  Drone  
  15  1:15  Drone  
  16  1:25  Queen  
  18  1:31  Extractor, Drone  
  18  1:39  Drone x2  
  20  1:52  Drone  
  21  2:09  Overlord  
  21  2:13  Queen  
  21  2:14  Zergling x2  
  24  2:18  Zergling x2  
  24  2:22  Drone  
  26  2:25  Drone  
  27  2:49  Metabolic Boost  
  27  2:50  Overlord  
  27  2:55  Drone x4  
  31  3:03  Drone  
  32  3:21  Queen  
  32  3:23  Drone x3  
  32  3:24  Drone x4  
  41  3:27  Spore Crawler  
  41  3:29  Spore Crawler  
  39  3:54  Overlord  
  39  3:55  Drone x5  
  43  3:56  Hatchery  
  43  4:22  Overlord  
  43  4:23  Drone  
  43  4:24  Drone x2  
  46  4:26  Extractor  
  46  4:27  Extractor  
  44  4:37  Hatchery  
  41  4:51  Lair  
  41  4:52  Baneling Nest  
  40  4:55  Zergling x12  
  40  4:56  Extractor  
  45  5:16  Drone x2  
  45  5:17  Drone x2, Spore Crawler  
  45  5:18  Spore Crawler  
  45  5:20  Drone x3  
  50  5:31  Drone  
  50  5:32  Drone x2  
  50  5:33  Drone  
  50  5:34  Drone x3  
  57  5:42  Evolution Chamber  
  56  5:43  Evolution Chamber, Drone x3  
  58  5:52  Spore Crawler  
  58  5:55  Zergling x4  
  58  5:56  Zergling x2  
  60  5:58  Centrifical Hooks  
  60  6:04  Nydus Network  
  60  6:05  Zergling x4  
  60  6:06  Zergling x10  
  60  6:08  Baneling x11  
  60  6:09  Baneling  
  66  6:12  Zerg Melee Weapons Level 1  
  66  6:15  Drone x2  
  68  6:25  Overlord  
  68  6:27  Drone x4  
  72  6:38  Overlord x2  
  72  6:51  Pneumatized Carapace  
  72  6:59  Spore Crawler  
  70  7:03  Baneling x4  
  70  7:04  Baneling x10, Spore Crawler  
  70  7:06  Zergling x16  
  70  7:08  Drone x5  
  82  7:12  Extractor x2  
  80  7:25  Zerg Ground Armor Level 1  
  80  7:26  Infestation Pit  
  80  7:29  Zergling x6  
  83  7:30  Zergling x12  
  88  7:40  Drone x2  
  88  7:41  Drone x6  
  96  8:06  Zergling x2  
  96  8:07  Zergling x4  
  96  8:08  Overlord  
  96  8:09  Overlord x4  
  84  8:22  Zergling x2  
  84  8:23  Zergling x24  
  66  9:02  Zergling x2  
  67  9:03  Zergling x18  
  67  9:05  Hive, Zerg Melee Weapons Level 2  
  67  9:08  Hatchery  
  75  9:18  Zergling x2  
  75  9:19  Hatchery, Zergling x12  
  81  9:46  Baneling x2  
  81  9:47  Baneling x5  
  81  9:48  Zerg Ground Armor Level 2  
  81  10:03  Spire  
  80  10:16  Drone x4  
  80  10:17  Drone x3  
  87  10:22  Extractor  
  87  10:25  Ultralisk Cavern  
  87  10:26  Extractor  
  84  10:31  Hatchery, Spore Crawler  
  84  10:32  Spore Crawler  
  84  10:33  Drone, Spore Crawler  
  84  10:34  Drone x2  
  84  10:35  Zergling x20  
  88  10:36  Zergling x2  
  88  10:37  Baneling  
  88  10:38  Baneling x13  
  94  10:44  Drone x3  
  97  10:56  Overlord x4  
  97  11:02  Spore Crawler x2  
  97  11:03  Spore Crawler  
  94  11:11  Chitinous Plating  
  94  11:12  Adrenal Glands  
  68  11:50  Corruptor x6  
  68  11:52  Ultralisk  
  68  11:53  Ultralisk x2  
  98  11:54  Spore Crawler  
  98  11:56  Spore Crawler  
  98  11:58  Spore Crawler  
  95  12:13  Ultralisk x2  
  108  12:15  Drone x2  
  108  12:16  Drone x4  
  108  12:18  Drone  
  114  12:42  Greater Spire  
  114  12:44  Ultralisk x2  
  126  12:49  Queen x2  
  130  13:08  Drone x6  
  130  13:09  Drone x4  
  140  13:47  Spore Crawler  
  139  13:50  Ultralisk x4  
  139  13:51  Ultralisk  
  139  13:53  Zergling x8  
  173  14:10  Zerg Flyer Weapons Level 1  
  173  14:12  Zerg Melee Weapons Level 3  
  173  14:13  Zerg Ground Armor Level 3  
  117  14:55  Ultralisk  
  117  14:56  Ultralisk x3  
  117  14:58  Zergling x10  
  117  14:59  Zergling x12  
  148  15:34  Ultralisk x2  
  148  15:35  Corruptor x2  
  162  15:36  Viper x4  
  141  16:21  Ultralisk x2  
  141  16:22  Ultralisk x2  
  159  16:39  Drone  
  161  16:40  Drone x5  
  161  16:42  Zergling x4  
  161  16:43  Zergling x12  
  173  17:04  Drone x5  
  173  17:05  Drone  
  179  17:09  Spore Crawler  
  179  17:10  Drone, Spore Crawler  
  179  17:11  Drone x6  
  179  17:13  Spore Crawler  
  163  17:50  Ultralisk x2  
  163  17:51  Ultralisk, Zergling x2  
  181  17:52  Zergling x8  
  150  18:12  Ultralisk x4  
  156  18:30  Extractor  
  156  18:31  Extractor  
  154  18:45  Hatchery  
  154  18:47  Corruptor x5  
  154  18:48  Corruptor  
  163  19:08  Ultralisk x2  
  173  19:42  Ultralisk  
  173  19:43  Ultralisk, Overlord x4  
  173  19:44  Overlord  
  185  19:57  Ultralisk  
  185  19:58  Zergling x2  
  185  19:59  Overlord x3  
  192  20:00  Overlord x2  
  192  20:17  Overlord  
  192  20:18  Overlord x2  
  192  20:19  Ultralisk  
  192  20:20  Overlord  
  198  20:25  Corruptor  
  146  21:55  Ultralisk x4  
  146  21:56  Zergling x4  
  146  21:57  Zergling x4  
  146  21:58  Corruptor x3  
  171  22:32  Zerg Flyer Weapons Level 2  
  171  22:55  Overlord  
  171  22:56  Overlord  
  171  22:57  Zergling x2  
  171  22:58  Zergling x38  
  181  23:47  Burrow  
  149  24:28  Zergling x10  
  149  24:29  Zergling x38  
  115  24:54  Zergling x2  
  115  24:55  Zergling x32  
  123  25:07  Viper x3  
  109  25:36  Spore Crawler  
  109  25:37  Spore Crawler x3  
  109  25:38  Spore Crawler  
  99  25:47  Spine Crawler  
  99  25:48  Spore Crawler  
  99  25:49  Spore Crawler x2  
Show
View Real Time Build Order
Export as new Build Order

capac Terran 

Build Orders: Bio Tank 

Get SALT Encoding   

  12  0:01  SCV  
  13  0:13  SCV  
  14  0:18  Supply Depot  
  14  0:25  SCV  
  15  0:39  SCV  
  15  0:41  Barracks  
  16  0:46  Refinery  
  16  0:51  SCV  
  17  1:03  SCV  
  18  1:15  SCV  
  19  1:28  SCV  
  19  1:32  Reaper  
  21  1:36  Command Center  
  21  1:40  SCV  
  21  1:45  Supply Depot  
  22  1:55  Orbital Command  
  22  2:05  Barracks Reactor  
  22  2:12  Barracks  
  22  2:20  SCV  
  23  2:29  Factory  
  23  2:43  Marine  
  23  2:44  Marine  
  24  2:45  SCV  
  24  2:49  Orbital Command  
  26  2:55  Refinery  
  26  2:58  Engineering Bay  
  26  3:03  Barracks Tech Lab  
  26  3:06  SCV  
  27  3:14  Factory Tech Lab  
  27  3:18  SCV  
  28  3:25  Starport  
  28  3:26  Marine x3  
  31  3:31  SCV x2  
  33  3:44  Marine  
  33  3:47  Siege Tank  
  37  3:49  Supply Depot, Marine  
  37  3:50  Marine  
  37  3:53  SCV x2  
  41  4:02  Refinery  
  41  4:07  Marine x2  
  41  4:08  Marine  
  44  4:11  Stimpack  
  43  4:17  Supply Depot  
  43  4:27  Marine x3  
  43  4:28  SCV x2  
  48  4:33  Siege Tank  
  48  4:36  Starport Reactor  
  51  4:41  SCV x2  
  51  4:44  Supply Depot  
  53  4:51  Barracks, Marine x3  
  53  4:52  Barracks  
  56  4:53  SCV  
  56  4:54  SCV  
  56  4:56  Refinery  
  58  5:06  SCV x2  
  60  5:10  Siege Tank  
  63  5:18  Marine x3, SCV x2  
  63  5:20  Supply Depot  
  68  5:29  Viking  
  70  5:36  SCV x2, Medivac  
  70  5:37  Marine x2  
  70  5:40  Barracks Reactor  
  70  5:41  Barracks Reactor  
  76  5:43  Supply Depot  
  76  5:46  Supply Depot  
  76  5:47  Terran Infantry Weapons Level 1  
  76  5:50  SCV x2  
  76  5:54  Marine  
  79  6:11  SCV x2  
  79  6:16  Medivac x2  
  85  6:19  Command Center  
  85  6:27  SCV  
  85  6:28  SCV  
  87  6:34  Supply Depot  
  87  6:35  Supply Depot  
  87  6:40  Engineering Bay  
  87  6:41  Marine x4, Armory  
  87  6:42  Marine  
  92  6:53  Marine x2  
  94  6:58  Siege Tank  
  94  6:59  Marine x2  
  99  7:06  Medivac x2  
  103  7:15  Marine x4  
  106  7:16  Marine  
  106  7:18  SCV x2  
  110  7:23  Supply Depot  
  110  7:24  Supply Depot  
  110  7:37  Marine x2  
  110  7:38  Marine x3  
  115  7:59  Marine x3  
  115  8:00  Marine x3  
  115  8:01  Siege Tank  
  124  8:15  Marine  
  124  8:17  Marine x2  
  107  8:54  Liberator x2  
  84  8:57  Marine x5  
  84  8:58  Marine x2, Siege Tank  
  84  9:00  SCV x2  
  84  9:01  Orbital Command  
  96  9:04  Supply Depot  
  96  9:06  Terran Infantry Weapons Level 2  
  96  9:08  Supply Depot  
  96  9:09  Supply Depot  
  96  9:10  Terran Infantry Armor Level 1  
  96  9:11  Terran Ship Weapons Level 1  
  96  9:12  SCV  
  96  9:16  SCV  
  104  9:24  SCV  
  104  9:28  SCV  
  104  9:30  Combat Shields  
  106  9:32  Barracks  
  106  9:34  Siege Tank  
  106  9:35  Marine x6  
  106  9:36  Marine  
  116  9:40  Starport  
  116  9:41  Supply Depot  
  116  9:42  SCV x3  
  119  9:47  Refinery x2  
  119  9:52  Liberator  
  119  9:56  Marine x5  
  119  9:57  Marine x2  
  119  9:58  SCV  
  119  9:59  SCV x2  
  129  10:07  Supply Depot  
  129  10:11  SCV  
  129  10:13  Siege Tank  
  129  10:14  Marine  
  136  10:18  Starport Reactor  
  137  10:21  Factory  
  137  10:30  Barracks Reactor  
  137  10:32  Marine x2  
  137  10:33  Barracks, Marine x5  
  144  10:40  Liberator x2  
  144  10:50  Marine  
  144  10:55  Medivac x2  
  129  11:31  Marine x6  
  129  11:32  Marine  
  111  11:38  Marine x2  
  113  11:40  SCV  
  113  11:41  SCV x2  
  116  11:47  Liberator x2  
  116  11:48  Marine, Command Center  
  116  11:51  Marine x5  
  116  11:52  Marine  
  116  11:54  Barracks Reactor, Command Center  
  123  11:56  Marine  
  123  11:57  Factory Tech Lab  
  123  11:59  Barracks, Siege Tank  
  133  12:16  Marine x3, Liberator  
  133  12:17  Marine x5, Liberator  
  133  12:18  Marine  
  142  12:35  Marine x7  
  142  12:36  Marine x2  
  142  12:37  Marine x2  
  153  12:44  Siege Tank  
  153  12:45  Siege Tank  
  159  13:01  Orbital Command  
  159  13:05  Missile Turret  
  159  13:06  Marine x4  
  159  13:07  Marine  
  159  13:08  Marine  
  159  13:09  Missile Turret  
  165  13:16  Siege Tank  
  165  13:17  Siege Tank  
  171  13:40  Planetary Fortress  
  171  13:52  Liberator x3  
  171  13:53  Liberator  
  177  14:11  Marine x2  
  177  14:12  Marine x6  
  177  14:13  Marine x3  
  154  15:02  Marine x4  
  154  15:03  Marine x6  
  154  15:04  Marine  
  154  15:05  Siege Tank x2  
  168  15:21  Liberator x3  
  161  15:37  Siege Tank x2  
  176  15:46  Refinery  
  176  15:47  Hi-Sec Auto Tracking  
  176  16:09  Refinery  
  132  16:20  Marine x4  
  136  16:31  Marine x3  
  136  16:32  Marine x2  
  141  16:33  Barracks Reactor  
  141  16:35  Siege Tank x2  
  147  16:45  Orbital Command  
  147  16:51  Command Center  
  147  16:53  Marine x4  
  147  16:54  Marine x6  
  157  17:06  Medivac x2  
  133  17:49  Liberator  
  133  17:50  Liberator x3  
  108  18:11  Marine x2  
  108  18:12  Marine x6  
  105  18:13  Marine x5  
  112  18:29  Marine x3  
  112  18:30  Marine x6  
  121  18:38  Liberator x2  
  121  18:39  Liberator x2  
  133  19:56  Marine  
  133  19:57  Marine x7  
  133  19:58  Marine x5  
  146  20:02  Liberator x4  
  146  20:14  Marine x2  
  160  20:30  Marine x5  
  160  20:31  Marine  
  160  20:35  Siege Tank x2  
  105  21:16  Liberator x2  
  105  21:17  Liberator x2  
  82  21:35  Marine x3  
  69  21:42  Orbital Command  
  67  22:08  Marine x5  
  68  22:09  Marine x5  
  68  22:10  Marine x3  
  80  22:30  Marine x4  
  80  22:31  Marine x6  
  80  22:32  Marine  
  70  23:43  Orbital Command  
  42  25:23  Orbital Command  
Tags
 
Composition
Bio Tank
League
GoldGold
Matchup
TvZ
Opening
Pool First
Add a new tag
Caveats
  • Supply blocks, unpowered buildings, or Contaminate may cause inaccurate times.
  • Supply counts are checked every 10 seconds.